 Dungeon Crawl Stone Soup version 0.25.0-33-gff14898491 (webtiles) character file.

Game seed: 15315151768966703626

3160 Delamore the Basher (level 9, -2/62 HPs)
             Began as a Gargoyle Fighter on July 6, 2020.
             Was an Elder of Okawaru.
             Slain by an ogre
             ... wielding a +0 giant spiked club
              (12 damage)
             ... on level 8 of the Dungeon.
             The game lasted 00:07:59 (6960 turns).

Delamore the Basher (Gargoyle Fighter)              Turns: 6960, Time: 00:08:00

Health: -2/62      AC: 14    Str: 24    XL:     9   Next: 94%
Magic:  9/9        EV:  8    Int: 10    God:    Okawaru [****..]
Gold:   455        SH:  0    Dex: 15    Spells: 8/8 levels left

rFire    . . .     SeeInvis .   A - +10 falchion "Kawkar" {flame, MR- Dex+6}
rCold    . . .     Gourm    .   G - +0 kite shield of Soistruec {+Fly Int+2}
rNeg     + . .     Faith    .   b - +0 scale mail
rPois    ∞         Spirit   .   (no helmet)
rElec    +         Reflect  .   q - scarf {+Inv}
rCorr    .         Harm     .   (no gloves)
MR       .....                  u - +0 pair of boots
Stlth    ..........             (no amulet)
HPRegen  0.20/turn              y - ring of flight
MPRegen  0.11/turn              (no ring)

@: confused, slowed, very slow
A: negative energy resistance 1, electricity resistance, unbreathing,
petrification resistance, rot immunity, AC +6
a: Heroism, Renounce Religion, Evoke Invisibility, Evoke Flight


You were on level 8 of the Dungeon.
You worshipped Okawaru.
Okawaru was greatly pleased with you.
You were not hungry.

You visited 1 branch of the dungeon, and saw 8 of its levels.

You collected 455 gold pieces.

Inventory:

Hand Weapons
 a - a +0 flail
 o - a +0 morningstar
 s - a +2 mace of protection
 A - the +10 falchion "Kawkar" (weapon) {flame, MR- Dex+6}
   (You found it on level 5 of the Dungeon)

   It has been specially enchanted to burn those struck by it, causing extra
   injury to most foes and up to half again as much damage against particularly
   susceptible opponents.
   Big, fiery blades are also staple armaments of hydra-hunters.
   It affects your dexterity (+6).
   It affects your resistance to hostile enchantments.
 D - a +1 whip of flaming
Missiles
 e - 2 throwing nets
 x - 12 poisoned darts (quivered)
 I - 3 boomerangs of dispersal
Armour
 b - a +0 scale mail (worn)
 c - a +0 kite shield
 q - a scarf of invisibility (worn)
 t - a +0 cloak
 u - a +0 pair of boots (worn)
 C - +0 acid dragon scales
 G - the +0 kite shield of Soistruec (worn) {+Fly Int+2}
   (You found it on level 7 of the Dungeon)

   It affects your intelligence (+2).
   It lets you fly.
Jewellery
 y - a ring of flight (left hand)
 K - a cursed ring of teleportation {unknown}
 L - a cursed amulet of inaccuracy {unknown}
Wands
 p - a wand of flame (11)
 z - a wand of iceblast (8)
Scrolls
 h - a scroll of blinking
 i - a scroll of magic mapping
 j - 4 scrolls of teleportation
 k - 4 scrolls of remove curse
 l - 4 scrolls of immolation
 n - 2 scrolls of noise
 B - 2 scrolls of identify
 E - a scroll of enchant weapon {unknown}
 F - a scroll of fog {unknown}
 H - 2 scrolls of random uselessness {unknown}
Potions
 d - a potion of might
 g - a potion of berserk rage
 m - 5 potions of curing
 r - 4 potions of flight {unknown}
 v - a potion of mutation {unknown}
 w - a potion of stabbing {unknown}
 J - a potion of degeneration {unknown}
Comestibles
 f - 13 rations
 M - 4 chunks of flesh


   Skills:
 - Level 9.7 Fighting
 + Level 9.8 Maces & Flails
 - Level 3.2 Armour
 + Level 6.2 Shields


You had 8 spell levels left.
You didn't know any spells.
Your spell library was empty.

Dungeon Overview and Level Annotations

Branches:
Dungeon (8/15)             Temple (0/1) D:6            Lair (0/6) D:8

Altars:
Ashenzari
Cheibriados
Elyvilon
Gozag
Hepliaklqana
Okawaru
Uskayaw
Xom
Yredelemnul
Zin

Annotations:
D:8 Erica


Innate Abilities, Weirdness & Mutations

You are resistant to torment.
Your stone body is resilient. (AC +6)
You are immune to poison.
You resist negative energy. (rN+)
You are resistant to electric shocks. (rElec)
You can survive without breathing.
You are immune to petrification.
You are immune to rotting.


Message History

* * * LOW HITPOINT WARNING * * *
Something burns you.
* * * LOW HITPOINT WARNING * * *
You feel better. Something hits you but does no damage.
You hear some strange, mumbled words.
A bolt of poison appears from out of thin air!
The bolt of poison misses you.
Erica appears from thin air!
Reactivating autopickup.
Erica hits you but does no damage.
An ogre opens the door.
Erica gestures at you while chanting. The bolt of poison misses you.
Erica casts a spell.
Erica flickers and vanishes!
Deactivating autopickup; reactivate with Ctrl-A.
You hear some strange, mumbled words.
You are confused.
The ogre hits you with a +0 giant spiked club!
You die...

.... #...)(#.#
..#.#####.#'#<..#.
#.#.......#.#.......#
#.#####..............
#............(.......
#...#...###..........
#.#####.# #####.#.#..
.#.####.#############.#.###
.......÷..@............ .
#..####.###O{.###### .
#...+...+ #####...#
+...'...'. #####...###
#....## #...÷.# ####.#..#


You could see an ogre.

Vanquished Creatures
  Pikel (D:6)
  Maggie (D:6)
  2 hippogriffs
  A yak (D:8)
  A basilisk (D:8)
  Menkaure (D:6)
  A sky beast (D:6)
  A necrophage (D:7)
  2 phantoms (D:4)
  2 ogres
  2 centaurs
  A bullfrog (D:7)
  3 scorpions
  4 wights (D:7)
  A jelly (D:7)
  2 electric eels (D:3)
  3 crimson imps
  A hound (D:4)
  3 orc wizards (D:6)
  Crazy Yiuf (D:3)
  An iguana (D:7)
  3 worker ants
  7 adders
  A shadow imp (D:5)
  2 oozes (D:3)
  4 worms
  3 dart slugs
  5 leopard geckos
  6 orcs
  A ball python (D:4)
  8 bats
  5 giant cockroaches
  8 goblins
  8 hobgoblins
  4 jackals (D:5)
  14 kobolds
  3 quokkas (D:2)
  5 frilled lizards
  7 rats
129 creatures vanquished.

Vanquished Creatures (others)
  A scorpion (D:6)
  2 jackals (D:6)
3 creatures vanquished.

Grand Total: 132 creatures vanquished

Notes
Turn   | Place    | Note
-------+----------+-------------------------------------------
     0 | D:1      | Delamore the Gargoyle Fighter began the quest for the Orb.
     0 | D:1      | Reached XP level 1. HP: 14/14 MP: 1/1
   228 | D:1      | Reached XP level 2. HP: 19/19 MP: 2/2
   426 | D:1      | Reached XP level 3. HP: 23/24 MP: 3/3
  1061 | D:2      | Reached XP level 4. HP: 27/30 MP: 4/4
  1180 | D:2      | Found a shattered altar of Ashenzari.
  1511 | D:3      | Found a glowing silver altar of Zin.
  1629 | D:3      | Found a runed translucent door.
  1630 | D:3      | Noticed Crazy Yiuf
  1762 | D:3      | Found a transporter.
  1786 | D:3      | Reached skill level 5 in Fighting
  1786 | D:3      | Reached XP level 5. HP: 25/35 MP: 5/5
  1915 | D:3      | Found a transporter.
  1929 | D:3      | Found an iron altar of Okawaru.
  1941 | D:3      | Became a worshipper of Warmaster Okawaru
  1983 | D:3      | Noticed a centaur
  2003 | D:3      | Killed a centaur
  2003 | D:3      | Reached XP level 6. HP: 13/41 MP: 6/6
  2396 | D:3      | Found a snail-covered altar of Cheibriados.
  2398 | D:3      | Found a hide-covered altar of Uskayaw.
  2491 | D:3      | Found a shimmering altar of Xom.
  2492 | D:3      | Found a hazy altar of Hepliaklqana.
  2493 | D:3      | Noticed a spectral ugly thing
  2622 | D:3      | Found an opulent altar of Gozag.
  2672 | D:3      | Killed Crazy Yiuf
  2826 | D:4      | Reached skill level 5 in Maces & Flails
  2870 | D:4      | Noticed a phantom
  2911 | D:4      | Killed a phantom
  2911 | D:4      | Reached XP level 7. HP: 39/47 MP: 7/7
  3015 | D:4      | Found a basalt altar of Yredelemnul.
  3085 | D:4      | Reached * piety under Okawaru
  3525 | D:4      | Found a white marble altar of Elyvilon.
  3606 | D:5      | Entered Level 5 of the Dungeon
  4164 | D:5      | Got an iridescent falchion
  4168 | D:5      | Reached XP level 8. HP: 53/53 MP: 8/8
  4169 | D:5      | Identified the +10 falchion "Kawkar" {flame, MR- Dex+6}
                  | (You found it on level 5 of the Dungeon)
  4270 | D:6      | Noticed Maggie
  4282 | D:6      | Killed Maggie
  4282 | D:6      | Reached ** piety under Okawaru
  4400 | D:6      | Noticed Pikel
  4414 | D:6      | Killed Pikel
  4414 | D:6      | Reached *** piety under Okawaru
  4414 | D:6      | Reached XP level 9. HP: 55/60 MP: 9/9
  4490 | D:6      | Found a staircase to the Ecumenical Temple.
  4522 | D:6      | Noticed Menkaure
  4527 | D:6      | Killed Menkaure
  5538 | D:7      | Got a faintly glowing kite shield
  5549 | D:7      | Identified the +0 kite shield of Soistruec {+Fly Int+2}
                  | (You found it on level 7 of the Dungeon)
  6034 | D:7      | Reached **** piety under Okawaru
  6090 | D:7      | Received a gift from Okawaru
  6601 | D:8      | Found a staircase to the Lair.
  6608 | D:8      | Reached skill level 5 in Shields
  6930 | D:8      | Noticed Erica
  6950 | D:8      | HP: 2/62 [something (8)]
  6960 | D:8      | Slain by an ogre

Illustrated notes

Levels and vault maps discovered:
D:1:      wander_arrival_chamber, layout_basic, st_stairs_8
D:2:      layout_loops_ring, ashenzari_altar_1, minmay_pentomino_q2
D:3:      gammafunk_steamed_eel, layout_rooms, regret_index_temple_of_mockery,
          lemuel_crystal_altar, marbit_many_paths, grunt_temple_overflow_open,
          first_ration, hangedman_decor_diamond_cutter, uniq_crazy_yiuf_cottage
D:4:      layout_loops_ring, kennysheep_ying_yang
D:5:      layout_basic, serial_glass, glass_columns_a, glass_columns_a
D:6:      layout_gridville, minmay_temple_entry_mini_moons,
          portal_sewer_entry_e, uniq_pikel, uniq_maggie, uniq_menkaure
D:7:      layout_basic
D:8:      layout_basic, kennysheep_mini, david_lair_generic, serial_shops,
          nicolae_shop_waterfront, grunt_ogre_cave, uniq_erica

Skill      XL: |  1  2  3  4  5  6  7  8  9 |
---------------+----------------------------+-----
Fighting       | 4 5 6 7 9 |  9.7
Maces & Flails | 3 4 5 6 8 9 |  9.8
Shields        | 6 |  6.2
Armour         | |  3.2

Action                   |  1- 3 |  4- 6 |  7- 9 || total
-------------------------+-------+-------+-------++-------
Melee: Flail             |   173 |   141 |       ||   314
       Mace              |       |    46 |   119 ||   165
       Falchion          |       |       |   117 ||   117
Throw: Dart              |       |       |     4 ||     4
Evoke: Wand              |       |     2 |     5 ||     7
  Use: Scroll            |       |       |     9 ||     9
       Potion            |       |       |     1 ||     1
  Eat: Chunk             |     1 |     6 |    10 ||    17
       Ration            |       |       |     1 ||     1
Armor: Scale mail        |    93 |    97 |   126 ||   316
Dodge: Dodged            |    53 |    64 |    74 ||   191
Block: Kite shield       |   112 |    99 |   113 ||   324
       Rpst.: Falchion   |       |       |     7 ||     7
